 Dungeon Crawl Stone Soup version 0.13-a0-3076-g221303f (webtiles) character file.

409 Sachiko the Ducker (level 5, -1/38 HPs)
             Began as a Merfolk Skald on Sept 17, 2013.
             Slain by an orc priest
             ... wielding a -1,+1 orcish mace
              (6 damage)
             ... on Level 3 of the Dungeon.
             The game lasted 00:14:47 (3539 turns).

Sachiko the Ducker (Merfolk Skald)                  Turns: 3539, Time: 00:14:48

HP  -1/38        AC  6     Str 14      XL: 5   Next: 94%
MP  10/10        EV 17     Int 11      God:
Gold 192         SH  0     Dex 13      Spells:  2 memorised,  5 levels left

Res.Fire  : . . .   See Invis. : .   a - +0 spear {=f}
Res.Cold  : . . .   Warding    : .   b - +1 leather armour
Life Prot.: . . .   Conserve   : .   (no shield)
Res.Poison: .       Res.Corr.  : .   (helmet restricted)
Res.Elec. : .       Clarity    : .   (no cloak)
Sust.Abil.: . .     Spirit.Shd : .   (no gloves)
Res.Mut.  : .       Stasis     : .   (no boots)
Res.Rott. : .       Flight     : .   (no amulet)
Saprovore : . . .                    o - ring of flight
                                     g - +4 ring of evasion

@: slightly resistant to hostile enchantments, very unstealthy
A: change form in water, swift swim, antennae 1, berserk 1, AC +2
a: Evoke Flight


You were on level 3 of the Dungeon.
You were not hungry.

You visited 1 branch of the dungeon, and saw 4 of its levels.

You collected 172 gold pieces.

Inventory:

Hand weapons
 a - a +0,+0 spear (weapon) {=f}
Armour
 b - a +1 leather armour (worn)
Comestibles
 d - 2 bread rations
 i - 2 chunks of worm flesh
 k - 3 meat rations
Scrolls
 e - a scroll of identify {unknown}
 f - a scroll of random uselessness {unknown}
 h - a scroll of remove curse
 j - a scroll of fear {unknown}
Jewellery
 g - a +4 ring of evasion (left hand)
 o - a ring of flight (right hand)
Books
 c - a book of Battle

   Spells                             Type                      Level
   *Infusion                          Charms                       1
   Shroud of Golubria                 Charms/Translocation         2
   *Song of Slaying                   Charms                       2
   Spectral Weapon                    Hexes/Charms                 3
   Regeneration                       Charms/Necromancy            3
   Song of Shielding                  Charms                       4


   Skills:
 - Level 2.1 Fighting
 + Level 4.8 Polearms
 - Level 0.6 Armour
 + Level 4.9 Dodging
 + Level 2.4 Spellcasting
 + Level 4.5 Charms


You had 5 spell levels left.
You knew the following spells:

 Your Spells              Type           Power        Failure   Level  Hunger
a - Infusion              Chrm           ##....       4%          1    ##.....
b - Song of Slaying       Chrm           ##........   10%         2    ###....


Dungeon Overview and Level Annotations

Branches:
Dungeon (4/27)
 Temple: D:4-7

Altars:
Xom

Annotations:
D:3 Duskembrace's ghost, average GrMo


Innate Abilities, Weirdness & Mutations

You revert to your normal form in water.
You are very nimble and swift while swimming.
You have a pair of small antennae on your head.
You are partially covered in thin metallic scales (AC +2).
You tend to lose your temper in combat.


Message History

The orc priest is moderately wounded.
You barely miss the orc priest.
The orc priest is moderately wounded.
The orc priest glows brightly for a moment.
You hit the orc priest.
The orc priest is heavily wounded.
The orc priest closely misses you.
You completely miss the orc priest.
The orc priest is heavily wounded.
The orc priest hits you with an orcish mace.
* * * LOW HITPOINT WARNING * * *
You hit the orc priest.
The orc priest is severely wounded.
You barely miss the orc priest.
The orc priest is severely wounded.
The orc priest completely misses you.
You closely miss the orc priest.
The orc priest is severely wounded.
The orc priest hits you with an orcish mace.
You die...

...##....##...### ##....#
.#
#...#.....#...#####.....#
##
......................#.#
#...##....#######.....#.##
..............(...(......#
....####....###.....#.#.##{
....# #....# #.(.#...#.##
....# #....# ##(.....#..##
#.### #.#######@o....#...##
#.# #....)).............#
#.# ##(..#......##.....##
#.# #...#...#####...### #.#
#...##### ##### ..# #####
..### ....# ....#


You could see an orc priest.

Vanquished Creatures
  A yak skeleton (D:3)
  An orc wizard (D:3)
  3 adders
  4 gnolls (D:3)
  3 worms
  A giant gecko (D:3)
  An ooze (D:3)
  3 orcs
  5 bats
  11 hobgoblins
  3 jackals (D:1)
  3 quokkas
  6 giant cockroaches
  2 giant newts (D:2)
  6 goblins
  6 kobolds
  8 rats
67 creatures vanquished.

Notes
Turn   | Place    | Note
--------------------------------------------------------------
     0 | D:1      | Sachiko, the Merfolk Skald, began the quest for the Orb.
     0 | D:1      | Reached XP level 1. HP: 15/15 MP: 3/3
   303 | D:1      | Gained mutation: You tend to lose your temper in combat. [potion of mutation]
   303 | D:1      | Gained mutation: You have a pair of small antennae on your head. [potion of mutation]
   303 | D:1      | Gained mutation: You are partially covered in thin metallic scales (AC +2). [potion of mutation]
   392 | D:1      | Reached XP level 2. HP: 21/21 MP: 5/5
   734 | D:1      | Reached skill level 4 in Charms
   744 | D:1      | Learned a level 2 spell: Song of Slaying
   959 | D:2      | Reached XP level 3. HP: 26/26 MP: 6/6
   987 | D:2      | Found a shimmering altar of Xom.
  1367 | D:2      | Reached XP level 4. HP: 26/33 MP: 8/8
  2091 | D:3      | Reached XP level 5. HP: 33/38 MP: 4/9
  2147 | D:3      | Noticed Duskembrace's ghost (average GrMo)
  3539 | D:3      | Slain by an orc priest

Action                   |  1- 3 |  4- 6 || total
-------------------------+-------+-------++-------
Melee: Spear             |   150 |   257 ||   407
 Cast: Infusion          |     1 |     3 ||     4
       Song of Slaying   |       |     2 ||     2
  Use: Potion            |     6 |     2 ||     8
       Scroll            |     5 |     2 ||     7
 Stab: Sleeping          |       |     1 ||     1
